 Dungeon Crawl Stone Soup version 0.30-a0-743-gbfdf073431 (webtiles) character file.

Game seed: 14651133701598423794

61 Darius099 the Chopper (level 3, -6/33 HPs)
             Began as a Minotaur Fighter on Feb 7, 2023.
             Succumbed to Crazy Yiuf's poison
             ... on level 2 of the Dungeon.
             The game lasted 00:01:41 (1330 turns).

Darius099 the Chopper (Minotaur Fighter)            Turns: 1330, Time: 00:01:42

Health: -6/33      AC:  7    Str: 22    XL:     3   Next: 83%
Magic:  2/2        EV:  9    Int:  5    God:
Gold:   119        SH:  4    Dex:  9    Spells: 2/2 levels left

rFire   . . .      SeeInvis .    a - +0 war axe
rCold   . . .      Faith    .    c - +0 buckler
rNeg    . . .      Spirit   .    b - +0 scale mail
rPois   .          Reflect  .    (helmet restricted)
rElec   .          Harm     .    (no cloak)
rCorr   .          Rampage  .    (no gloves)
Will    .....                    (no boots) Stlth
                                 (no amulet)
HPRegen 0.25/turn                (no ring)
MPRegen 0.08/turn                (no ring)

@: lethally poisoned (-6 -> -27), slowed, very slow
A: horns 2, retaliatory headbutt
a: no special abilities


You were on level 2 of the Dungeon.
You visited 1 branch of the dungeon, and saw 2 of its levels.

You collected 119 gold pieces.

Inventory:

Hand Weapons
 a - a +0 war axe (weapon)
Missiles
 l - 7 stones (quivered)
Armour
 b - a +0 scale mail (worn)
 c - a +0 buckler (worn)
Jewellery
 g - a ring of fire
Wands
 h - a wand of quicksilver (6)
Scrolls
 e - 2 scrolls of fear {unknown}
 k - 2 scrolls of immolation {unknown}
 n - a scroll of magic mapping {unknown}
 o - 2 scrolls of teleportation {unknown}
Potions
 d - a potion of might
 f - a potion of attraction {unknown}
 i - 2 potions of curing {unknown}
 j - 2 potions of lignification {unknown}
 m - a potion of flight {unknown}


   Skills:
 - Level 4.0 Fighting
 + Level 4.2 Axes
 - Level 4.0 Armour
 - Level 4.0 Shields


You had 2 spell levels left.
You didn't know any spells.
Your spell library was empty.

Dungeon Overview and Level Annotations

Branches:
Dungeon (2/15)

Altars:

Annotations:
D:2 Crazy Yiuf


Innate Abilities, Weirdness & Mutations

You have a pair of horns on your head.
You reflexively headbutt those who attack you in melee.


Message History

The rat twitches its whiskers.
Your Axes skill increases to level 4!
You slash the rat!
You kill the rat!
You barely miss the goblin. The goblin hits you but does no damage.
You slash the goblin!
You kill the goblin!
No target in view!
Things that are here:
a +0 club; a rat corpse
Found a pair of gloves.
Found a stone staircase leading down.
You see here a +0 pair of gloves.
o - 2 scrolls labelled DAOFEYMPYNG (gained 1)
Things that are here:
a +0 club; a rat corpse You see here a +0 dagger.
There is a stone staircase leading up here.
Crazy Yiuf shouts!
Crazy Yiuf glowers.
You open the door. You hit Crazy Yiuf but do no damage.
Crazy Yiuf says, "Adder ladder forty-two!"
Crazy Yiuf hits you with a +4 quarterstaff of chaos.
You are poisoned.
You slash Crazy Yiuf!
Crazy Yiuf is heavily wounded.
You feel very sick.
Crazy Yiuf hits you with a +4 quarterstaff of chaos.
You slash Crazy Yiuf!
Crazy Yiuf is almost dead.
You feel sick.
Crazy Yiuf whimpers, "Trifle senile poople!"
Crazy Yiuf hits you with a +4 quarterstaff of chaos!
You are lethally poisoned!
Crazy Yiuf hits you with a +4 quarterstaff of chaos!
* * * LOW HITPOINT WARNING * * *
You feel yourself slow down.
You closely miss Crazy Yiuf. Your headbutt misses Crazy Yiuf.
Crazy Yiuf is almost dead.
You die...

#....####.....#
#.. ##..##
#.....# #..
♣....♣ #.....#
#.. ♣...♣♣
#.....# ###
♣♣.♣♣
#.....#### ♣.♣♣
#........###
♣♣.♣
########....
♣.♣♣ ##### ♣♣@♣
###### #g#
#..... ...
#..... #...#
#..... #..)#
#..... #####
#..... #.....
######


You could see Crazy Yiuf.

Vanquished Creatures
  2 adders (D:2)
  3 dart slugs
  3 bats
  4 endoplasms
  2 giant cockroaches
  4 hobgoblins
  3 kobolds
  4 ball pythons
  2 frilled lizards
  2 goblins
  12 rats
41 creatures vanquished.

Notes
Turn   | Place    | Note
-------+----------+-------------------------------------------
     0 | D:1      | Darius099 the Minotaur Fighter began the quest for the Orb.
     0 | D:1      | Reached XP level 1. HP: 19/19 MP: 0/0
   115 | D:1      | Reached XP level 2. HP: 27/27 MP: 1/1
   244 | D:1      | HP: 1/27 [constriction (1)]
   633 | D:2      | Reached XP level 3. HP: 28/33 MP: 2/2
  1139 | D:2      | Found a runed translucent door.
  1140 | D:2      | Noticed Crazy Yiuf
  1330 | D:2      | Succumbed to Crazy Yiuf's poison

Illustrated notes

Levels and vault maps discovered:
D:1:      dpeg_arrival_rhombus, layout_rooms
D:2:      minmay_angry_zag, layout_rooms, uniq_crazy_yiuf_cottage

Skill      XL: |  1  2  3 |
---------------+----------+-----
Fighting       | 4 |  4.0
Armour         | 4 |  4.0
Shields        | 4 |  4.0
Axes           | 3 4 |  4.2

Action                     || total
---------------------------++-------
  Melee: War axe           ||    72
         Headbutt          ||     8
 Armour: Scale mail        ||    40
  Dodge: Dodged            ||    38
  Block: Buckler           ||    15

Table legend: (Time is in decaauts)
 A = Elapsed time spent in this place.
 B = Non-inter-level travel time spent in this place.
 C = Inter-level travel time spent in this place.
 D = Time resting spent in this place.
 E = Time spent auto-exploring this place.
 F = Levels seen in this place.
 G = Mean time per level.
                   A        B        C        D        E       F      G
               +--------+--------+--------+--------+--------+-----+--------+
         Total |   1357 |   1311 |     46 |    104 |    997 |   2 |  678.5 |
       Dungeon |   1357 |   1311 |     46 |    104 |    997 |   2 |  678.5 |
               +--------+--------+--------+--------+--------+-----+--------+

Top non-repeatable levels by time:
     D:2: 711 daAuts
     D:1: 646 daAuts
